 Dungeon Crawl Stone Soup version 0.28-a0-802-g09f76e8c00 (webtiles) character file.

Game seed: 17371033324001216417

298 bande the Covered (level 6, -6/38 HPs)
             Began as a Gargoyle Fighter on Nov 7, 2021.
             Killed by divine providence
             ... invoked by an orc priest
              (14 damage)
             ... on level 4 of the Dungeon.
             The game lasted 00:04:50 (2972 turns).

bande the Covered (Gargoyle Fighter)                Turns: 2972, Time: 00:04:51

Health: -6/38      AC: 18    Str: 26    XL:     6   Next: 35%
Magic:  6/6        EV:  7    Int:  9    God:
Gold:   165        SH:  4    Dex: 10    Spells: 5/5 levels left

rFire   . . .      SeeInvis .   a - +0 war axe
rCold   . . .      Faith    .   c - +0 buckler
rNeg    + . .      Spirit   .   e - +1 plate armour
rPois   ∞          Reflect  .   (no helmet)
rElec   +          Harm     .   (no cloak)
rCorr   .          Rampage  .   (no gloves)
Will    .....                   f - +0 pair of boots
Stlth   ..........              (no amulet)
HPRegen 0.12/turn               i - +6 ring of strength
MPRegen 0.10/turn               b - +4 ring of slaying

@: no status effects
A: sickness immunity, AC +4, negative energy resistance 1, electricity
resistance, torment resistance 1, petrification resistance
a: no special abilities


You were on level 4 of the Dungeon.
You visited 1 branch of the dungeon, and saw 4 of its levels.

You collected 165 gold pieces.

Inventory:

Hand Weapons
 a - a +0 war axe (weapon)
Armour
 c - a +0 buckler (worn)
 e - a +1 plate armour (worn)
 f - a +0 pair of boots (worn)
Jewellery
 b - a +4 ring of slaying (right hand)
 i - a +6 ring of strength (left hand)
Wands
 k - a wand of digging (5)
Scrolls
 d - a scroll of noise {unknown}
Potions
 g - 2 potions of curing
 h - 2 potions of flight
 j - a potion of mutation {unknown}


   Skills:
 + Level 4.2 Fighting
 + Level 4.2 Axes
 + Level 4.6 Armour
 + Level 4.0 Shields


You had 5 spell levels left.
You didn't know any spells.
Your spell library contained the following spells:

 Spells                   Type           Power      Damage    Failure   Level
 Ensorcelled Hibernation  Hex/Ice        0%         N/A       100%        2
 Tukima's Dance           Hex            0%         N/A       100%        3
 Summon Ice Beast         Ice/Summ       0%         N/A       100%        4
 Summon Mana Viper        Hex/Summ       0%         N/A       100%        5
 Monstrous Menagerie      Summ           0%         N/A       100%        7


Dungeon Overview and Level Annotations

Branches:
Dungeon (4/15)
 Temple: D:4-7

Altars:
Gozag
Hepliaklqana


Innate Abilities, Weirdness & Mutations

You are immune to sickness and miasma.
Your stone body is resilient. (AC +4)
You are immune to poison.
You resist negative energy. (rN+)
You are resistant to electric shocks. (rElec)
You are resistant to unholy torment.
You are immune to petrification.


Message History

You add the spells Ensorcelled Hibernation and Tukima's Dance to your library.
No target in view!
Key pressed, stopping explore.
j - a fuming red potion
k - a wand of digging (5)
You open the door.
There is an open door here.
You hear the slow hiss of a very distant avalanche of sand.
There is an opulent altar of Gozag here.
You open the door.
There is an open door here.
As you open the door, it creaks loudly!
There is an open door here.
Found a dagger.
Found a ring mail.
An orc wizard comes into view. It is wielding a +0 dagger.
The orc wizard shouts!
An orc priest comes into view. It is wielding a +0 trident.
An orc comes into view.
It is wielding a +2 falchion of distortion.
An orc and an ufetubus come into view.
The orc shouts!
The orc priest shouts!
The orc shouts!
The orc priest invokes the aid of Beogh against you.
Beogh smites you!
The orc wizard points at you and mumbles some strange words.
The puff of flame hits you.
You barely miss the orc wizard.
The orc wizard hits you but does no damage.
The orc priest invokes the aid of Beogh against you.
Beogh smites you!
* * * LOW HITPOINT WARNING * * *
The orc wizard closely misses you.
You completely miss the orc wizard.
The orc wizard hits you with a +0 dagger.
* * * LOW HITPOINT WARNING * * *
You hit the orc wizard.
The orc wizard is lightly wounded.
The orc wizard closely misses you.
The orc priest calls down the wrath of Beogh upon you.
Beogh smites you!
You die...

##.......... #.
#......###' ##.#
#......#..# ...
#......#..# ..
#..#.#.+..+
#.###..#.###..
#..##..#.# #..
#..#######.##..#.#.+##
#.oo5o@............#
....o######.##).....#
... #.##......+ + .
...#.....## #
##.##.....# #
...#...[..# +
.P.#........
...##.#.####


You could see an orc priest, an orc wizard, 2 orcs and an ufetubus.

Vanquished Creatures
  Sigmund (D:3)
  An orc wizard (D:3)
  3 adders
  4 worms
  3 dart slugs
  An orc (D:3)
  5 bats
  2 endoplasms
  5 giant cockroaches
  4 goblins
  5 hobgoblins
  4 jackals (D:1)
  2 quokkas (D:2)
  9 ball pythons
  5 frilled lizards
  6 kobolds
  8 rats
68 creatures vanquished.

Notes
Turn   | Place    | Note
-------+----------+-------------------------------------------
     0 | D:1      | bande the Gargoyle Fighter began the quest for the Orb.
     0 | D:1      | Reached XP level 1. HP: 14/14 MP: 1/1
    57 | D:1      | Reached XP level 2. HP: 14/19 MP: 2/2
   685 | D:1      | Reached XP level 3. HP: 23/23 MP: 3/3
  1522 | D:2      | Reached XP level 4. HP: 29/29 MP: 4/4
  2070 | D:3      | Noticed Sigmund
  2079 | D:3      | Killed Sigmund
  2080 | D:3      | Reached XP level 5. HP: 16/33 MP: 5/5
  2080 | D:3      | Reached XP level 6. HP: 18/38 MP: 6/6
  2422 | D:3      | Found a faded altar of an unknown god.
  2675 | D:3      | Found a faded altar of an unknown god.
  2676 | D:3      | Found a hazy altar of Hepliaklqana.
  2909 | D:4      | Found an opulent altar of Gozag.
  2972 | D:4      | Killed from afar by an orc priest

Illustrated notes

Levels and vault maps discovered:
D:1:      shiori_shiawase, layout_basic
D:2:      layout_basic
D:3:      layout_basic, beargit_hepliaklqana_dungeon_heroes,
          ebering_ecumenical_altar_box, uniq_sigmund
D:4:      layout_basic, elyvilon_altar_1, mainiacjoe_overflow_24_doors,
          gup_ossuary_entry_pyramid, uniq_ijyb

Skill      XL: |  1  2  3  4 |
---------------+-------------+-----
Axes           | 2 4 |  4.2
Armour         | 4 |  4.6
Fighting       | 4 |  4.2
Shields        | 4 |  4.0

Action                   |  1- 3 |  4- 6 || total
-------------------------+-------+-------++-------
Melee: War axe           |   136 |    51 ||   187
  Use: Scroll            |     4 |     3 ||     7
       Potion            |       |     1 ||     1
Armor: Scale mail        |    21 |       ||    21
       Plate armour      |    96 |    38 ||   134
Dodge: Dodged            |    47 |    14 ||    61
Block: Buckler           |    31 |     6 ||    37

Table legend: (Time is in decaauts)
 A = Elapsed time spent in this place.
 B = Non-inter-level travel time spent in this place.
 C = Inter-level travel time spent in this place.
 D = Time resting spent in this place.
 E = Time spent auto-exploring this place.
 F = Levels seen in this place.
 G = Mean time per level.
                   A        B        C        D        E       F      G
               +--------+--------+--------+--------+--------+-----+--------+
         Total |   3042 |   2926 |    116 |    263 |   2114 |   4 |  760.5 |
       Dungeon |   3042 |   2926 |    116 |    263 |   2114 |   4 |  760.5 |
               +--------+--------+--------+--------+--------+-----+--------+

Top non-repeatable levels by time:
     D:1: 1079 daAuts
     D:3: 977 daAuts
     D:2: 799 daAuts
     D:4: 185 daAuts
